 Dungeon Crawl Stone Soup version 0.28-a0-194-g42b4daccc1 (webtiles) character file.

Game seed: 15624131656608622335

55 bande the Shield-Bearer (level 3, -2/24 HPs)
             Began as a Gargoyle Fighter on Aug 18, 2021.
             Slain by a gnoll (3 damage)
             ... on level 2 of the Dungeon.
             The game lasted 00:01:41 (1189 turns).

bande the Shield-Bearer (Gargoyle Fighter)          Turns: 1189, Time: 00:01:42

Health: -2/24      AC: 10    Str: 19    XL:     3   Next: 93%
Magic:  3/3        EV:  7    Int:  8    God:
Gold:   17         SH:  8    Dex: 10    Spells: 2/2 levels left

rFire   . . .      SeeInvis .   a - +0 war axe
rCold   . . .      Faith    .   c - +0 kite shield
rNeg    + . .      Spirit   .   b - +0 scale mail
rPois   ∞          Reflect  .   (no helmet)
rElec   +          Harm     .   (no cloak)
rCorr   .          Rampage  .   (no gloves)
Will    .....                   (no boots)
Stlth   ..........              (no amulet)
HPRegen 0.08/turn               (no ring)
MPRegen 0.08/turn               (no ring)

@: no status effects
A: sickness immunity, AC +3, negative energy resistance 1, electricity
resistance, torment resistance 1, petrification resistance
a: no special abilities


You were on level 2 of the Dungeon.
You visited 1 branch of the dungeon, and saw 2 of its levels.

You collected 17 gold pieces.

Inventory:

Hand Weapons
 a - a +0 war axe (weapon)
Armour
 b - a +0 scale mail (worn)
 c - a +0 kite shield (worn)
Jewellery
 e - a ring of protection from cold
Scrolls
 f - 2 scrolls of teleportation {unknown}
 h - a scroll of enchant armour {unknown}
Potions
 d - a potion of might
 g - a potion of magic {unknown}


   Skills:
 + Level 3.8 Fighting
 + Level 2.4 Axes
 + Level 3.6 Armour
 + Level 0.3 Dodging
 + Level 3.8 Shields


You had 2 spell levels left.
You didn't know any spells.
Your spell library was empty.

Dungeon Overview and Level Annotations

Branches:
Dungeon (2/15)

Altars:


Innate Abilities, Weirdness & Mutations

You are immune to sickness and miasma.
Your stone body is resilient. (AC +3)
You are immune to poison.
You resist negative energy. (rN+)
You are resistant to electric shocks. (rElec)
You are resistant to unholy torment.
You are immune to petrification.


Message History

The frilled lizard hisses angrily.
The gnoll hits you with a +0 halberd.
Found a stone staircase leading down.
You hit the gnoll but do no damage. The giant cockroach closely misses you.
You block the gnoll's attack. The gnoll completely misses you.
Your shield prevents you from hitting the gnoll.
You barely miss the giant cockroach. The giant cockroach bites you.
You block the gnoll's attack. The gnoll hits you but does no damage.
A rat comes into view.
The giant cockroach bites you but does no damage.
The gnoll hits you with a +0 halberd!
The gnoll hits you from afar with a +0 spear.
* * * LOW HITPOINT WARNING * * *
You block the gnoll's attack.
The giant cockroach bites you but does no damage.
The giant cockroach closely misses you.
You open the door.
The giant cockroach bites you but does no damage.
You block the giant cockroach's attack.
There is an open door here.
A hobgoblin comes into view.
The hobgoblin shouts!
You see here 4 gold pieces.
The frilled lizard hisses.
The frilled lizard bites you but does no damage.
You block the frilled lizard's attack. The frilled lizard bites you.
The giant cockroach bites you but does no damage.
The giant cockroach barely misses you. The gnoll barely misses you.
You block the gnoll's attack. The frilled lizard bites you.
* * * LOW HITPOINT WARNING * * *
Found a scroll labelled YSHUNUCZ IPHU.
The gnoll barely misses you. You block the hobgoblin's attack.
The gnoll hits you from afar with a +0 halberd.
* * * LOW HITPOINT WARNING * * *
The frilled lizard bites you but does no damage.
The gnoll hits you with a +0 club.
You die...

..+.....#+#.#8.8###.....#
###....## #.....$.#.....#
........ #.#8.8#.......#
###########.##.##....####
.....rg....#.....g...#
###.###....#.........#
....###....#.....gr..#
.g.†..'....+.....gB..+
##...##....#....@gl..#
#...##....######..........
##.........######......?###
.#.............##..######
.###...##......##..# .#
#...##......#####
.########......#
...............#
...............#


You could see 3 gnolls, a giant cockroach, a hobgoblin, a frilled lizard and a
rat.

Vanquished Creatures
  An adder (D:2)
  2 worms (D:2)
  2 bats (D:1)
  3 endoplasms
  A giant cockroach (D:1)
  4 goblins (D:1)
  6 hobgoblins
  2 jackals (D:1)
  3 kobolds (D:1)
  2 quokkas (D:1)
  6 ball pythons
  2 frilled lizards (D:1)
  2 rats (D:1)
36 creatures vanquished.

Notes
Turn   | Place    | Note
-------+----------+-------------------------------------------
     0 | D:1      | bande the Gargoyle Fighter began the quest for the Orb.
     0 | D:1      | Reached XP level 1. HP: 14/14 MP: 1/1
   100 | D:1      | Reached XP level 2. HP: 19/19 MP: 2/2
   445 | D:1      | Reached XP level 3. HP: 24/24 MP: 3/3
   457 | D:1      | Found a faded altar of an unknown god.
  1188 | D:2      | HP: 1/24 [gnoll (5)]
  1189 | D:2      | Slain by a gnoll

Illustrated notes

Levels and vault maps discovered:
D:1:      minmay_arrival_checkered_box, layout_loops_ring,
          hellmonk_ecumenical_altar_prayer_group
D:2:      minmay_alternating_diamond, layout_basic, basic_altar,
          chequers_arboretum, small_statue_intersection

Skill      XL: |  1  2 |
---------------+-------+-----
Axes           | 2 |  2.4
Fighting       | |  3.8
Armour         | |  3.6
Dodging        | |  0.3
Shields        | |  3.8

Action                   || total
-------------------------++-------
Melee: War axe           ||   103
Armor: Scale mail        ||    68
Dodge: Dodged            ||    39
Block: Kite shield       ||    56

Table legend: (Time is in decaauts)
 A = Elapsed time spent in this place.
 B = Non-inter-level travel time spent in this place.
 C = Inter-level travel time spent in this place.
 D = Time resting spent in this place.
 E = Time spent auto-exploring this place.
 F = Levels seen in this place.
 G = Mean time per level.
                   A        B        C        D        E       F      G
               +--------+--------+--------+--------+--------+-----+--------+
         Total |   1253 |   1253 |      0 |    116 |    805 |   2 |  626.5 |
       Dungeon |   1253 |   1253 |      0 |    116 |    805 |   2 |  626.5 |
               +--------+--------+--------+--------+--------+-----+--------+

Top non-repeatable levels by time:
     D:1: 844 daAuts
     D:2: 409 daAuts
